 Dungeon Crawl Stone Soup version 0.19-a0-450-g98b348d (webtiles) character file.

228 Vatticson the Cudgeler (level 6, 0/47 HPs)
             Began as a Human Berserker on Dec 13, 2015.
             Was a Believer of Trog.
             Slain by a gnoll
             ... wielding a +0 spear
              (3 damage)
             ... while paralysed
             ... on level 3 of the Dungeon on June 1, 2016.
             The game lasted 00:13:11 (2843 turns).

Vatticson the Cudgeler (Human Berserker)            Turns: 2843, Time: 00:13:11

Health: 0/47       AC:  5    Str: 19    XL:     6   Next: 22%
Magic:  6/6        EV:  2    Int:  7    God:    Trog [**....]
Gold:   115        SH:  0    Dex: 13    Spells: 0 memorised, 5 levels left

rFire  . . .     SeeInvis .     c - +0 mace
rCold  + . .     Gourm    .     j - +0 ring mail
rNeg   . . .     Faith    .     (no shield)
rPois  .         Spirit   .     (no helmet)
rElec  .         Dismiss  .     (no cloak)
rCorr  .         Reflect  .     (no gloves)
SustAt .         Harm     .     (no boots)
MR     .....                    (no amulet)
Stlth  +.........               (no ring)
                                k - ring of protection from cold

@: paralysed, exhausted, slowed, not resistant to hostile enchantments, very
unstealthy
A: no striking features
a: Berserk, Trog's Hand, Burn Spellbooks, Renounce Religion


You were on level 3 of the Dungeon.
You worshipped Trog.
Trog was pleased with you.
You were not hungry.

You visited 1 branch of the dungeon, and saw 3 of its levels.

You collected 115 gold pieces.

Inventory:

Hand Weapons
 a - a +0 mace
 c - a +0 mace (weapon)
 g - a +0 hunting sling
Armour
 b - a +0 animal skin
 h - a +0 cloak
 j - a +0 ring mail (worn)
Jewellery
 k - a ring of protection from cold (left hand)
Scrolls
 d - 2 scrolls of remove curse
Potions
 e - a potion of might {unknown}
 m - a potion of flight
Comestibles
 f - 2 beef jerkies
 i - 2 meat rations
 l - 2 fruits
 n - a slice of pizza


   Skills:
 - Level 3.1 Fighting
 * Level 4.7 Maces & Flails
 - Level 2.0 Armour
 + Level 4.4 Dodging
 + Level 0.9 Stealth


You had 5 spell levels left.
You didn't know any spells.

Dungeon Overview and Level Annotations

Branches:
Dungeon (3/15)

Altars:
Ru


Message History

Your experience leads to an increase in your attributes!
Your base attributes are Str 18, Int 7, Dex 13.
Increase (S)trength, (I)ntelligence, or (D)exterity?
You feel stronger.
You thump the howler monkey!
The howler monkey is severely wounded.
You sock the howler monkey!
You kill the howler monkey!
Trog accepts your kill. The gnoll barely misses you.
You are no longer berserk.
You pass out from exhaustion.
You feel yourself slow down. The gnoll hits you with a spear!
* * * LOW HITPOINT WARNING * * *
The gnoll hits you with a spear.
* * * LOW HITPOINT WARNING * * *
The gnoll hits you with a spear.
* * * LOW HITPOINT WARNING * * *
The gnoll hits you with a spear.
You die...

####
..#
#.#####
#<....#
#)###.#
#@# #g#
#.# ...
...
#....
....#
.##g#


You could see 2 gnolls.

Vanquished Creatures
  The ghost of Noname the Poker, an amateur MfSk (D:3)
  A howler monkey (D:3)
  Jessica (D:2)
  A gnoll (D:3)
  3 adders
  A worm (D:2)
  A dart slug (D:2)
  A giant gecko (D:1)
  7 bats
  2 giant cockroaches (D:2)
  6 goblins
  7 hobgoblins
  5 kobolds
  2 ball pythons
  3 giant newts (D:2)
  8 rats
50 creatures vanquished.

Notes
Turn   | Place    | Note
--------------------------------------------------------------
     0 | D:1      | Vatticson the Human Berserker began the quest for the Orb.
     0 | D:1      | Reached XP level 1. HP: 18/18 MP: 1/1
    90 | D:1      | Upgraded the game from 0.18-a0-775-g4d9e04e to 0.18-a0-1361-g9293dd1
   132 | D:1      | Reached XP level 2. HP: 6/24 MP: 2/2
   134 | D:1      | Upgraded the game from 0.18-a0-1361-g9293dd1 to 0.19-a0-450-g98b348d
  1495 | D:2      | Reached XP level 3. HP: 7/29 MP: 3/3
  2236 | D:2      | Noticed Jessica
  2243 | D:2      | Killed Jessica
  2243 | D:2      | Reached XP level 4. HP: 31/35 MP: 4/4
  2287 | D:2      | Reached ** piety under Trog
  2656 | D:2      | Found a sacrificial altar of Ru.
  2813 | D:3      | Reached XP level 5. HP: 38/41 MP: 5/5
  2817 | D:3      | Noticed Noname's ghost (amateur MfSk)
  2833 | D:3      | Killed Noname's ghost
  2837 | D:3      | Reached XP level 6. HP: 17/47 MP: 6/6
  2843 | D:3      | Slain by a gnoll

Vault maps used:
D:1:      dpeg_arrival_signposts
D:2:      nicolae_ru_the_path_less_chosen, uniq_jessica
D:3:      led_sif_pool

Skill      XL: |  1  2  3  4  5 |
---------------+----------------+-----
Dodging        | 3 4 |  4.4
Maces & Flails | 4 |  4.7
Fighting       | |  3.1
Armour         | |  2.0
Stealth        | |  0.9

Action                   |  1- 3 |  4- 6 || total
-------------------------+-------+-------++-------
Melee: Mace              |    20 |       ||    20
       Mace              |    87 |    80 ||   167
Invok: Berserk           |       |     1 ||     1
  Use: Scroll            |     2 |       ||     2
       Potion            |     1 |     1 ||     2
  Eat: Bread ration      |     1 |       ||     1
       Meat ration       |       |     1 ||     1
Armor: Ring mail         |    46 |    21 ||    67
       Animal skin       |     1 |       ||     1
Dodge: Dodged            |    97 |    34 ||   131
